 Dungeon Sprint DCSS version 0.13-a0-2484-gc765b08 (webtiles) character file.

1689 Rycklaryybbe the Unseen (level 8, -3/49 HPs)
             Began as a Halfling Assassin on July 20, 2013.
             Was an Initiate of Yredelemnul.
             Slain by a deep troll (8 damage)
             ... in the Dungeon (Sprint I: "Red Sonja").
             The game lasted 00:04:45 (472 turns).

Rycklaryybbe the Unseen (Halfling Assassin)          Turns: 472, Time: 00:04:45

HP  -3/49        AC  3     Str  8      XL: 8   Next: 56%
MP   7/7         EV 22     Int 11      God: Yredelemnul [......]
Gold 598         SH  0     Dex 20      Spells:  0 memorised,  7 levels left

Res.Fire  : . . .   See Invis. : .   a - +2 dagger {=f}
Res.Cold  : . . .   Warding    : .   l - +0 robe
Life Prot.: . . .   Conserve   : .   (no shield)
Res.Poison: .       Res.Corr.  : .   (no helmet)
Res.Elec. : .       Clarity    : .   d - +0 cloak
Sust.Abil.: . .     Spirit.Shd : .   (no gloves)
Res.Mut.  : .       Prev.Telep.: +   (no boots)
Res.Rott. : .       Flight     : .   (no amulet)
Saprovore : . . .                    (no ring)
                                     (no ring)

@: very slightly contaminated, slightly resistant to hostile enchantments,
incredibly stealthy
A: mutation resistance 1, slow metabolism 1
a: Renounce Religion


You were in the Dungeon.
You worshipped Yredelemnul.
Yredelemnul was pleased with you.
You were not hungry.

You visited 1 branch You collected 548 gold pieces.

Inventory:

Hand weapons
 a - a +2,+2 dagger (weapon) {=f}
 b - a +0 blowgun
Missiles
 e - 18 poisoned needles
 f - 11 curare-tipped needles
Armour
 c - a +0 robe
 d - a +0 cloak (worn)
 l - a +0 robe (worn)
Comestibles
 g - a bread ration
 o - an apple
Potions
 h - 3 potions of curing
 j - a potion of speed
 k - 2 potions of magic
Magical staves
 n - an uncursed staff of air


   Skills:
 - Level 1.7 Fighting
 - Level 5.3 Short Blades
 - Level 2.6 Throwing
 + Level 8.2 Dodging
 - Level 20.8 Stealth


You had 7 spell levels left.
You didn't know any spells.

Dungeon Overview and Level Annotations

Branches:
Dungeon (1/1)

Altars:
Elyvilon
Fedhas
Kikubaaqudgha
Vehumet
Xom
Yredelemnul
Zin
the Shining One

Shops:
D: *=


Innate Abilities, Weirdness & Mutations

You are small and have problems with some larger weapons.
You are somewhat resistant to further mutation.
You have a slow metabolism.


Message History

Wield which item (- for none, * to show all)? (? for menu, Esc to quit)
Okay, then.
Drink which item? (? for menu, Esc to quit)
Okay, then.
You hit the deep troll but do no damage.
The deep troll closely misses you. The deep troll completely misses you.
The deep troll closely misses you.
There is an open door here.
You barely miss the deep troll. The deep troll bites you.
The deep troll claws you!
* * * LOW HITPOINT WARNING * * *
The deep troll claws you but does no damage.
You hit the deep troll but do no damage.
You hit the deep troll but do no damage.
The deep troll barely misses you. The deep troll misses you.
The deep troll closely misses you.
You hit the deep troll but do no damage.
The deep troll bites you!
You die...
Your body rises from the dead as a mindless zombie.

#§.#.....##'#..+
#⌠⌠#_.∩...'..._#
####.....##_.#'#
#_._._###'#.#
############.####+###
#∩........'...'$$.$$+
###++++####.).#######
###.### #.#'#@#
#...T.# #.)...#
#######


You could see a deep troll.

Vanquished Creatures
  A giant amoeba (D)
  Sonja (D)
  An elephant slug (D)
  Sigmund (D)
  An ogre (D)
  Ijyb (D)
  A jelly (D)
  3 ballistomycetes (D)
10 creatures vanquished.

Vanquished Creatures (others)
  2 giant spores (D)
2 creatures vanquished.

Grand Total: 12 creatures vanquished

Notes
Turn   | Place    | Note
--------------------------------------------------------------
     0 | D        | Rycklaryybbe, the Halfling Assassin, began the quest for the Orb.
     0 | D        | Reached XP level 1. HP: 13/13 MP: 0/0
     1 | D        | Noticed Ijyb
    25 | D        | Killed Ijyb
    25 | D        | Reached skill level 9 in Stealth
    25 | D        | Reached XP level 2. HP: 18/18 MP: 1/1
    76 | D        | Noticed an ogre
    79 | D        | Killed an ogre
    79 | D        | Reached skill level 12 in Stealth
    79 | D        | Reached XP level 3. HP: 23/23 MP: 2/2
    79 | D        | Reached XP level 4. HP: 28/28 MP: 3/3
    81 | D        | Noticed Sigmund
    84 | D        | Killed Sigmund
    84 | D        | Reached skill level 5 in Short Blades
    84 | D        | Reached skill level 14 in Stealth
    84 | D        | Reached XP level 5. HP: 34/34 MP: 4/4
   100 | D        | Found a white marble altar of Elyvilon.
   100 | D        | Found a glowing silver altar of Zin.
   100 | D        | Noticed a giant amoeba
   101 | D        | Found a glowing golden altar of the Shining One.
   101 | D        | Found an ancient bone altar of Kikubaaqudgha.
   103 | D        | Killed a giant amoeba
   103 | D        | Reached skill level 19 in Stealth
   103 | D        | Reached XP level 6. HP: 39/39 MP: 5/5
   103 | D        | Reached XP level 7. HP: 44/44 MP: 6/6
   116 | D        | Found a basalt altar of Yredelemnul.
   118 | D        | Found a basalt altar of Yredelemnul.
   125 | D        | Found a blossoming altar of Fedhas.
   125 | D        | Found an ancient bone altar of Kikubaaqudgha.
   125 | D        | Found Strooref's Jewellery Emporium.
   125 | D        | Found a white marble altar of Elyvilon.
   125 | D        | Found a shimmering altar of Xom.
   125 | D        | Noticed an elephant slug
   128 | D        | Killed an elephant slug
   128 | D        | Reached skill level 20 in Stealth
   128 | D        | Reached XP level 8. HP: 49/49 MP: 7/7
   129 | D        | Found a radiant altar of Vehumet.
   160 | D        | Became a worshipper of Yredelemnul the Dark
   193 | D        | Noticed Sonja
   197 | D        | Killed Sonja
   387 | D        | Found Ysimm's General Store.
   408 | D        | Noticed a deep troll
   472 | D        | Slain by a deep troll

Action                   |  1- 3 |  4- 6 |  7- 9 || total
-------------------------+-------+-------+-------++-------
Melee: Dagger            |    21 |     2 |    48 ||    71
 Fire: Blowgun           |       |       |     2 ||     2
  Use: Potion            |     1 |       |     1 ||     2
       Scroll            |       |       |     1 ||     1
 Stab: Sleeping          |     1 |     2 |     3 ||     6
